Map: Oxide LE

Players

MaSa

  • Race: Terran Terran
  • League: Master
  • Spawn Location: 7:00

TLO - Winner!

  • Race: Zerg Zerg
  • League: Master
  • Spawn Location: 1:00

Event: DreamHack SC2 Masters 2020 Winter

VOD

Have the link to the VOD?

Description

Time

  • Played on: Oct. 30, 2020, 6:26 p.m.
  • Length: 21:29

All games in this series

Show
View Real Time Build Order
Export as new Build Order

MaSa Terran 

Build Orders: Command Center First (CC) 

Get SALT Encoding   

  12  0:00  SCV  
  13  0:12  SCV  
  14  0:17  Supply Depot  
  14  0:24  SCV  
  15  0:39  SCV  
  16  0:51  SCV  
  17  0:58  Command Center  
  17  1:03  SCV  
  18  1:12  Barracks  
  18  1:15  SCV  
  19  1:20  Refinery  
  19  1:26  Refinery  
  19  1:29  SCV  
  20  1:40  Barracks  
  20  1:44  SCV  
  21  1:59  Orbital Command  
  21  2:02  Barracks Reactor  
  21  2:15  Orbital Command  
  21  2:24  SCV  
  22  2:31  Factory  
  22  2:36  SCV  
  23  2:39  Marine  
  23  2:40  Marine  
  23  2:42  Barracks Tech Lab  
  25  2:47  SCV  
  25  2:49  SCV  
  27  2:57  Marine x2  
  29  2:59  SCV  
  29  3:00  Marine  
  29  3:02  Stimpack  
  31  3:08  Supply Depot  
  31  3:09  SCV  
  32  3:15  Marine x2  
  32  3:18  Marine  
  32  3:19  SCV  
  36  3:24  Starport  
  36  3:26  Factory Reactor  
  36  3:28  SCV  
  36  3:31  SCV  
  36  3:32  Marine  
  39  3:34  Marine  
  39  3:40  Supply Depot  
  39  3:41  SCV  
  41  3:43  Marine  
  41  3:45  SCV  
  43  3:50  Marine  
  43  3:52  Marine  
  43  3:53  SCV  
  46  3:59  Supply Depot  
  46  4:02  SCV  
  47  4:05  SCV  
  47  4:07  Marine  
  47  4:08  Medivac, Factory Tech Lab  
  47  4:09  Medivac  
  53  4:14  SCV, Engineering Bay  
  54  4:19  Supply Depot  
  54  4:21  SCV, Marine x2  
  57  4:25  Marine  
  57  4:26  SCV  
  57  4:30  Siege Tank  
  62  4:38  Supply Depot  
  62  4:40  SCV x2  
  62  4:42  Combat Shield, Marine x2  
  66  4:48  Refinery  
  66  4:52  SCV, Supply Depot  
  67  4:53  Terran Infantry Weapons Level 1  
  67  4:55  SCV  
  67  4:56  Marine  
  69  5:04  SCV  
  70  5:11  SCV, Marine x2  
  70  5:13  Medivac, Marine  
  73  5:16  SCV  
  74  5:23  SCV  
  74  5:24  Barracks  
  74  5:27  Supply Depot  
  75  5:28  SCV  
  75  5:29  Marine, Siege Tank  
  75  5:33  Supply Depot  
  80  5:41  SCV x2  
  80  5:42  Marine x2  
  81  5:45  Medivac  
  83  5:51  Marine  
  83  5:53  SCV  
  83  5:56  SCV  
  86  6:05  SCV, Marine x2  
  86  6:09  Medivac, Marine  
  92  6:11  Command Center  
  92  6:13  SCV  
  93  6:22  Marine  
  93  6:24  SCV  
  93  6:25  SCV  
  97  6:29  Barracks Reactor  
  97  6:30  Siege Tank  
  99  6:33  Barracks x2  
  99  6:36  SCV  
  95  6:42  Medivac x2  
  90  6:48  SCV x2  
  90  6:50  Terran Infantry Armor Level 1  
  87  6:55  Marine  
  87  6:56  Marine x2  
  87  7:00  SCV x2  
  92  7:02  Supply Depot  
  92  7:03  Refinery  
  92  7:04  Supply Depot  
  92  7:12  SCV  
  92  7:13  SCV, Marine  
  95  7:16  Marine x3  
  98  7:24  Orbital Command  
  98  7:25  SCV, Barracks Reactor x2  
  98  7:26  Medivac, Marine  
  103  7:31  Marine  
  103  7:33  Marine  
  103  7:35  SCV, Marine  
  103  7:36  Marine  
  103  7:37  SCV  
  104  7:39  Siege Tank  
  104  7:43  Marine  
  108  7:48  Armory  
  108  7:49  Marine  
  109  7:51  Marine  
  109  7:53  Marine x2  
  109  7:56  SCV x2  
  110  8:01  Marine  
  110  8:02  Liberator  
  110  8:04  Marine x3  
  117  8:07  Marine x2  
  117  8:08  SCV  
  117  8:09  Marine  
  117  8:11  Marine  
  123  8:12  SCV  
  123  8:14  Marine  
  123  8:19  Marine  
  126  8:20  Siege Tank  
  126  8:22  Marine x2  
  126  8:23  Marine  
  126  8:24  Marine  
  126  8:25  SCV, Marine  
  124  8:37  Marine x2  
  124  8:38  Marine  
  125  8:50  Marine x3  
  125  8:52  Siege Tank  
  125  8:53  Medivac  
  133  8:55  SCV  
  133  8:57  Orbital Command  
  133  9:04  Medivac  
  132  9:10  Terran Infantry Weapons Level 2  
  132  9:11  Engineering Bay  
  132  9:13  Supply Depot x2  
  132  9:14  SCV  
  132  9:16  SCV  
  134  9:17  Marine  
  134  9:18  Marine x6  
  140  9:25  Siege Tank  
  140  9:26  SCV, Marine x2  
  140  9:29  SCV  
  141  9:31  Terran Vehicle Weapons Level 1  
  141  9:34  Medivac x2  
  141  9:35  Marine x2  
  141  9:36  Marine x3  
  150  9:50  Marine x4  
  150  9:51  SCV x2  
  150  9:52  Terran Infantry Armor Level 2  
  153  9:54  Supply Depot  
  153  9:55  Command Center  
  153  9:58  Supply Depot, Marine x4  
  157  10:00  Supply Depot  
  157  10:09  Marine x2  
  157  10:13  Marine  
  157  10:15  Siege Tank  
  157  10:18  Marine x3  
  157  10:19  Marine x3  
  140  10:22  SCV x2  
  140  10:27  Marine x2  
  125  10:31  Marine  
  125  10:32  Factory  
  122  10:36  SCV x2, Marine x4  
  122  10:37  SCV, Marine x2  
  131  10:44  Marine, Barracks  
  131  10:45  Marine, Barracks  
  131  10:46  Barracks  
  131  10:48  SCV, Siege Tank  
  131  10:49  Marine, Liberator x2  
  144  10:52  Refinery x2  
  144  10:54  Marine x4  
  148  11:02  Marine x3  
  151  11:05  SCV  
  151  11:07  Marine  
  151  11:08  Marine  
  152  11:12  Marine x2  
  152  11:14  Marine x2  
  152  11:17  SCV  
  155  11:18  Factory Tech Lab  
  155  11:19  Marine  
  155  11:20  Marine x2, Siege Tank  
  161  11:25  Marine x2  
  161  11:28  Refinery  
  161  11:29  Refinery  
  161  11:32  SCV x2, Medivac  
  167  11:37  Marine x3  
  167  11:38  Barracks Tech Lab x2  
  167  11:39  Barracks Tech Lab  
  170  11:42  Terran Infantry Weapons Level 3  
  170  11:50  Marine x6  
  170  11:52  Siege Tank  
  178  11:54  Marine  
  178  12:00  Supply Depot x2  
  179  12:02  Supply Depot, Marine  
  180  12:21  Marine, Siege Tank  
  180  12:22  Marauder x3, Marine x2  
  192  12:26  Marauder, Marine x5  
  186  12:33  Medivac x2  
  186  12:35  Siege Tank  
  165  12:38  Concussive Shells  
  165  12:39  Marine x2  
  165  12:40  Planetary Fortress, Marine  
  165  12:42  Marine x2  
  165  12:43  Marine  
  165  12:44  Marauder, Marine x2  
  168  12:49  Marine  
  168  12:50  Marauder, Marine  
  166  12:57  Marine x2  
  141  12:58  Marine  
  141  13:03  Marauder  
  105  13:07  Siege Tank  
  105  13:11  Liberator  
  110  13:14  Marine  
  110  13:15  Marauder, Marine x2  
  111  13:29  Marauder, Marine x4  
  108  13:36  SCV  
  110  13:42  Orbital Command  
  110  13:46  Marauder, Marine x2  
  113  13:53  Marauder  
  115  14:00  Marauder  
  110  14:06  SCV, Marine  
  111  14:11  SCV  
  112  14:18  SCV  
  111  14:32  SCV x2  
  113  14:40  Marine x3  
  113  14:41  Marauder x2, Marine x4  
  113  14:44  SCV  
  113  14:45  SCV  
  122  14:46  Marine  
  122  14:47  Marauder x2  
  127  14:57  SCV x2  
  127  14:58  Marine x4  
  127  14:59  SCV  
  134  15:02  Marauder x2  
  138  15:09  SCV  
  138  15:11  SCV  
  138  15:13  Marauder, Marine x4  
  147  15:15  Marine  
  147  15:16  Marine x3  
  147  15:19  Marine, Siege Tank  
  153  15:23  Marauder  
  155  15:29  Medivac x2  
  155  15:32  SCV  
  154  15:38  SCV  
  144  15:45  Marine x2  
  144  15:46  Marauder  
  145  15:50  SCV  
  145  15:51  Siege Tank  
  115  16:12  Marine x2  
  115  16:13  SCV, Marauder, Marine  
  95  16:21  SCV  
  95  16:32  Marauder, Command Center, Marine x4  
  99  16:33  Marauder, Marine  
  89  16:42  Marine x3  
  89  16:45  SCV  
  91  16:49  Marine  
  92  16:57  SCV  
  91  17:11  SCV  
  91  17:15  Missile Turret  
  91  17:24  Missile Turret  
  89  17:36  Missile Turret  
  70  18:00  Marine  
  69  18:09  Orbital Command  
  67  18:28  Orbital Command  
  55  18:46  SCV  
  53  18:48  Medivac  
  53  18:49  Medivac  
  53  18:51  Marine  
  58  18:56  Marine x2  
  60  19:05  Marauder  
  60  19:06  SCV  
  63  19:16  Marauder, Marine  
  66  19:18  SCV  
  69  19:24  Marauder  
  69  19:34  Marine x2  
  69  19:35  Marauder  
  69  19:38  SCV  
  74  19:44  Missile Turret  
  74  19:46  SCV  
  74  19:50  SCV  
  72  19:53  Marauder  
  74  20:02  SCV  
  74  20:03  SCV  
  74  20:05  Marauder  
  78  20:14  SCV  
  78  20:15  SCV  
  78  20:17  Medivac x2  
  78  20:18  Marine  
  85  20:23  Siege Tank  
  88  20:28  Marine  
  88  20:29  Marauder  
  91  20:38  Marine x2  
  91  20:39  Marauder  
  78  20:52  Medivac, Marine x2  
  78  20:53  Marauder  
  78  20:56  Marine x3  
  87  21:03  Marine x5  
  71  21:07  Marine  
  71  21:10  Marine x2  
  53  21:12  SCV  
Show
View Real Time Build Order
Export as new Build Order

TLO Zerg - Winner!

Build Orders: Hatch First, Lurkers 

Get SALT Encoding   

  12  0:00  Drone  
  13  0:12  Overlord  
  13  0:17  Drone  
  14  0:30  Drone x2  
  16  0:47  Hatchery  
  15  0:51  Drone  
  15  0:54  Drone  
  17  0:57  Drone  
  17  1:01  Extractor  
  17  1:07  Drone  
  18  1:16  Spawning Pool  
  17  1:19  Drone  
  18  1:28  Drone  
  19  1:39  Drone  
  20  1:49  Drone  
  21  2:03  Queen x2, Metabolic Boost  
  21  2:05  Zergling x2  
  21  2:06  Overlord  
  26  2:10  Zergling x2  
  26  2:13  Drone  
  28  2:17  Extractor  
  28  2:20  Drone  
  29  2:32  Hatchery  
  29  2:34  Drone  
  29  2:37  Drone  
  29  2:39  Drone  
  29  2:43  Drone  
  33  2:44  Drone  
  33  2:52  Overlord  
  33  2:57  Queen  
  35  3:02  Overlord  
  35  3:05  Drone  
  36  3:08  Pneumatized Carapace  
  36  3:13  Drone x2  
  36  3:16  Zergling x2  
  36  3:19  Drone x2  
  41  3:22  Drone  
  42  3:27  Drone  
  42  3:29  Overlord  
  43  3:36  Queen  
  43  3:37  Drone  
  45  3:41  Drone  
  45  3:44  Drone, Baneling Nest  
  46  3:49  Drone  
  46  3:51  Drone  
  46  3:52  Evolution Chamber, Drone  
  46  3:53  Drone  
  49  3:56  Drone  
  49  3:57  Drone  
  49  4:00  Overlord  
  51  4:03  Overlord  
  51  4:08  Overlord  
  51  4:09  Drone  
  52  4:10  Drone  
  52  4:12  Drone  
  52  4:16  Drone x2  
  56  4:18  Overlord  
  56  4:20  Drone  
  57  4:25  Zerg Ground Armor Level 1  
  57  4:27  Zergling x2  
  57  4:31  Zergling x4, Spine Crawler  
  60  4:33  Drone  
  60  4:34  Zergling x2  
  60  4:37  Zergling x2  
  62  4:39  Zergling x2  
  62  4:41  Zergling x2, Drone  
  62  4:42  Zergling x2  
  62  4:43  Drone  
  62  4:45  Extractor  
  66  4:47  Overlord  
  66  4:49  Zergling x6  
  66  4:50  Zergling x2  
  66  4:52  Drone x2  
  72  4:55  Overlord  
  72  4:57  Zergling x2  
  73  5:01  Lair  
  73  5:03  Drone  
  73  5:04  Drone  
  75  5:08  Drone  
  75  5:11  Drone  
  75  5:13  Drone  
  74  5:16  Drone  
  74  5:17  Extractor  
  74  5:19  Extractor  
  74  5:20  Baneling x2  
  73  5:23  Overlord x2, Extractor  
  73  5:24  Drone  
  73  5:25  Evolution Chamber  
  73  5:27  Baneling  
  73  5:28  Zergling x14, Baneling  
  75  5:29  Drone  
  80  5:40  Drone  
  80  5:42  Drone x2  
  79  5:43  Extractor  
  79  5:48  Baneling x2  
  79  5:49  Drone  
  79  5:50  Queen  
  79  5:54  Overlord  
  79  5:55  Zergling x4, Overlord  
  83  5:58  Hatchery  
  83  6:00  Centrifical Hooks  
  83  6:02  Drone  
  83  6:03  Drone  
  84  6:05  Zergling x2  
  84  6:09  Zergling x2  
  84  6:10  Zerg Melee Weapons Level 1  
  86  6:11  Baneling  
  86  6:12  Zergling x2, Baneling x3  
  87  6:19  Zergling x2  
  87  6:20  Zergling x2  
  87  6:21  Zergling x2  
  87  6:23  Zergling x2  
  87  6:25  Zergling x2  
  91  6:27  Zergling x2  
  91  6:28  Zergling x2  
  91  6:31  Zergling x2  
  91  6:32  Drone  
  93  6:39  Zergling x2  
  85  6:41  Extractor  
  85  6:44  Zergling x2  
  85  6:45  Zergling x2  
  85  6:47  Zergling x2  
  82  6:50  Zerg Ground Armor Level 2  
  82  6:51  Drone  
  81  6:55  Hydralisk Den  
  81  6:56  Baneling x6  
  81  6:59  Queen  
  82  7:02  Overlord, Drone x2  
  82  7:04  Drone x2  
  86  7:08  Drone  
  86  7:10  Drone  
  88  7:18  Drone x3  
  88  7:19  Drone  
  88  7:23  Hydralisk  
  88  7:25  Hydralisk x4  
  88  7:28  Hydralisk  
  98  7:32  Hydralisk  
  98  7:34  Hydralisk  
  98  7:36  Zergling x2  
  94  7:39  Zergling x2  
  94  7:40  Grooved Spines  
  94  7:41  Zergling x2  
  94  7:42  Zergling x2  
  95  7:44  Zergling x2  
  95  7:47  Zergling x2  
  95  7:48  Zergling x2, Hydralisk  
  95  7:49  Hydralisk  
  100  7:53  Zergling x2  
  100  7:54  Zergling x2  
  100  8:02  Zergling x2  
  100  8:03  Zergling x2  
  100  8:05  Hydralisk  
  104  8:06  Zergling x2  
  104  8:07  Baneling x2  
  104  8:08  Zergling x2  
  104  8:11  Hydralisk  
  108  8:15  Hydralisk  
  108  8:16  Hydralisk x3  
  108  8:19  Hydralisk  
  112  8:21  Zergling x2  
  112  8:22  Zergling x4  
  112  8:23  Zergling x2  
  116  8:27  Zergling x2  
  116  8:28  Queen  
  116  8:30  Zergling x2, Drone x2  
  122  8:35  Zergling x2  
  122  8:37  Hydralisk x2  
  122  8:39  Zergling x2  
  128  8:46  Zergling x2  
  128  8:47  Hydralisk x2  
  128  8:48  Zergling x2  
  126  8:50  Hydralisk  
  126  8:51  Muscular Augments  
  126  8:52  Zergling x2  
  126  8:53  Zergling x2  
  122  8:56  Queen, Drone  
  122  8:57  Drone  
  122  8:58  Baneling x4  
  122  9:00  Overlord  
  120  9:08  Overlord  
  120  9:09  Zerg Melee Weapons Level 2  
  120  9:11  Zergling x4, Extractor  
  120  9:12  Zergling x2  
  120  9:14  Baneling x3  
  120  9:15  Zergling x2  
  120  9:16  Drone  
  124  9:18  Drone  
  124  9:19  Drone  
  124  9:21  Drone  
  124  9:22  Zergling x2  
  124  9:24  Zergling x2  
  126  9:25  Zergling x2  
  126  9:27  Zergling x2  
  126  9:28  Zergling x2  
  126  9:29  Zergling x2  
  126  9:30  Zergling x2  
  130  9:31  Hydralisk  
  130  9:34  Hydralisk  
  134  9:42  Hydralisk x2  
  134  9:43  Drone  
  134  9:44  Zergling x4  
  134  9:45  Zergling x4  
  139  9:47  Zergling x2  
  139  9:50  Zerg Missile Weapons Level 1  
  139  9:51  Zergling x2, Drone  
  141  9:55  Drone  
  141  9:58  Baneling x9  
  141  9:59  Baneling  
  142  10:00  Drone  
  142  10:02  Zergling x4  
  142  10:03  Zergling x2  
  142  10:05  Drone  
  147  10:07  Drone  
  147  10:08  Spore Crawler  
  147  10:09  Zergling x4  
  147  10:12  Hydralisk  
  145  10:16  Hydralisk x2  
  145  10:18  Zergling x2  
  145  10:19  Zergling x2  
  145  10:20  Zergling x2  
  133  10:23  Zergling x2  
  133  10:26  Zergling x4  
  133  10:27  Zergling x4  
  127  10:32  Infestation Pit, Zergling x2, Extractor  
  127  10:33  Zergling x4, Extractor  
  127  10:34  Zergling x2  
  127  10:35  Zergling x2  
  129  10:36  Drone  
  129  10:37  Drone  
  129  10:44  Drone  
  129  10:45  Drone x2  
  129  10:47  Zergling x2  
  132  10:51  Drone  
  132  10:53  Drone  
  132  10:54  Zergling x2  
  132  10:55  Zergling x2, Lurker Den  
  132  10:56  Baneling x14  
  135  10:57  Baneling  
  135  10:59  Drone  
  135  11:00  Drone  
  135  11:03  Zergling x2  
  137  11:04  Zergling x2  
  137  11:08  Zergling x4  
  137  11:10  Zergling x2  
  137  11:11  Hive  
  137  11:12  Zergling x2  
  137  11:17  Zergling x2  
  139  11:18  Zergling x2  
  139  11:19  Zergling x2  
  139  11:21  Zergling x4  
  143  11:29  Hydralisk  
  143  11:30  Hydralisk x3  
  143  11:31  Zergling x2  
  143  11:32  Overlord  
  152  11:35  Overlord  
  152  11:38  Overlord  
  152  11:40  Baneling x3  
  152  11:41  Baneling  
  152  11:44  Zergling x2  
  151  11:47  Zergling x2  
  151  11:51  Hydralisk x2  
  156  11:56  Lurker x4  
  156  12:00  Zergling x2  
  161  12:02  Zergling x2, Drone  
  161  12:07  Lurker x2  
  161  12:08  Lurker  
  166  12:09  Zergling x18  
  166  12:11  Zergling x2  
  166  12:14  Hatchery  
  169  12:22  Zergling x4  
  171  12:25  Zergling x2  
  171  12:26  Zergling x2  
  171  12:28  Hydralisk x2  
  161  12:31  Hydralisk  
  161  12:32  Zergling x2  
  161  12:36  Hydralisk  
  142  12:38  Hydralisk  
  142  12:40  Hydralisk  
  142  12:41  Hydralisk x2  
  145  13:02  Zergling x2  
  145  13:03  Zergling x2  
  145  13:04  Zergling x2  
  139  13:06  Seismic Spines  
  139  13:07  Zergling x2  
  139  13:08  Zergling x2  
  139  13:09  Zergling x2  
  139  13:10  Zergling x2, Lurker x2  
  142  13:13  Zergling x2  
  142  13:17  Zergling x6  
  142  13:18  Zergling x2  
  143  13:20  Zergling x4  
  143  13:23  Zergling x2  
  143  13:25  Zergling x2  
  142  13:31  Zergling x4  
  133  13:35  Viper x2  
  133  13:37  Zergling x6  
  133  13:40  Zergling x2  
  144  13:41  Drone x3  
  144  13:42  Queen x3  
  144  13:43  Queen  
  144  13:45  Zergling x2  
  144  13:47  Spine Crawler x2  
  153  13:51  Zergling x2  
  153  13:52  Zerg Ground Armor Level 3  
  153  13:53  Zerg Missile Weapons Level 2  
  153  13:54  Zergling x2  
  153  13:55  Zergling x4  
  156  13:57  Zergling x2  
  156  14:02  Zergling x2  
  155  14:03  Adaptive Talons  
  155  14:04  Drone x2  
  155  14:05  Drone  
  155  14:07  Spore Crawler  
  157  14:16  Overlord x3  
  157  14:17  Overlord x2  
  157  14:18  Baneling  
  157  14:19  Baneling x5  
  157  14:24  Overlord  
  157  14:25  Overlord  
  157  14:27  Zergling x2  
  157  14:32  Overlord, Lurker x3  
  156  14:39  Zergling x2  
  156  14:40  Zergling x10  
  156  14:41  Zergling x4  
  156  14:43  Zergling x2  
  161  14:49  Zergling x4  
  161  14:52  Zergling x2  
  163  14:54  Spore Crawler, Drone  
  163  14:55  Spore Crawler, Baneling x2  
  163  14:56  Spine Crawler  
  159  15:18  Zergling x2  
  159  15:19  Zergling x2  
  159  15:20  Zergling x2  
  159  15:21  Zergling x4  
  159  15:22  Zergling x4  
  159  15:23  Zergling x2  
  159  15:24  Zergling x4  
  159  15:25  Zergling x2  
  159  15:29  Zergling x4  
  159  15:30  Drone x3  
  159  15:31  Drone  
  159  15:33  Drone x2  
  159  15:34  Drone  
  159  15:35  Drone  
  162  15:36  Drone  
  151  15:44  Zergling x2  
  151  15:45  Zergling x2  
  151  15:48  Drone  
  153  15:56  Hatchery  
  103  16:19  Zergling x8  
  103  16:20  Zergling x22  
  118  16:26  Hydralisk Den  
  118  16:32  Overlord  
  114  16:36  Hydralisk Den  
  114  16:38  Zergling x2  
  106  16:41  Baneling x2  
  106  16:43  Zergling x2  
  106  16:44  Zergling x10, Queen x2  
  106  16:45  Hatchery  
  108  16:53  Zergling x4  
  108  16:54  Hydralisk  
  109  17:03  Hydralisk x3  
  109  17:06  Queen  
  117  17:13  Hydralisk x3  
  119  17:20  Queen  
  121  17:24  Overlord  
  121  17:26  Hydralisk x2  
  125  17:34  Hydralisk  
  125  17:36  Hydralisk x2  
  123  17:38  Lurker  
  123  17:39  Zergling x2  
  123  17:44  Hydralisk  
  127  17:50  Hydralisk  
  131  17:58  Zergling x2  
  131  18:00  Drone  
  131  18:02  Lurker  
  131  18:03  Zergling x2  
  134  18:07  Baneling  
  134  18:08  Lurker x3  
  137  18:14  Lurker x2  
  137  18:15  Zergling x2  
  137  18:19  Overlord  
  140  18:25  Zergling x2  
  140  18:27  Hydralisk x2  
  140  18:30  Hydralisk  
  146  18:44  Hatchery  
  146  18:45  Lurker x2  
  146  18:46  Zergling x2  
  146  18:47  Zergling x2  
  146  19:12  Viper  
  146  19:13  Viper  
  152  19:17  Hydralisk  
  152  19:18  Hatchery  
  152  19:21  Zergling x4  
  155  19:28  Zergling x4  
  155  19:30  Hydralisk x2  
  156  19:32  Hydralisk  
  154  19:41  Hydralisk x2  
  158  19:55  Zergling x2  
  158  19:58  Zergling x2  
  158  19:59  Zergling x2, Hydralisk  
  157  20:01  Hydralisk x2  
  157  20:02  Zergling x2  
  161  20:08  Hydralisk  
  161  20:10  Hydralisk x2  
  161  20:11  Hydralisk  
  161  20:13  Hydralisk  
  168  20:14  Hydralisk  
  168  20:16  Zergling x2  
  168  20:17  Zergling x2  
  168  20:19  Zergling x2  
  168  20:20  Zergling x2  
  174  20:23  Drone  
  174  20:24  Drone  
  174  20:26  Lurker  
  177  20:28  Drone  
  177  20:30  Overseer x2  
  177  20:32  Zergling x2  
  177  20:33  Zergling x2  
  177  20:34  Zergling x2  
  178  20:36  Zergling x2  
  178  20:37  Hydralisk  
  178  20:40  Hydralisk  
  178  20:44  Zergling x2  
  178  20:46  Hydralisk  
  178  20:47  Hydralisk  
  178  20:48  Zergling x2  
  178  20:49  Zergling x2  
  180  20:52  Lurker x2  
  180  20:53  Lurker  
  183  21:00  Hydralisk  
  183  21:02  Hydralisk x2  
  183  21:03  Hydralisk  
  188  21:05  Hydralisk  
  188  21:07  Zergling x2  
  188  21:08  Zergling x2  
Tags
 
Add a new tag
Caveats
  • Supply blocks, unpowered buildings, or Contaminate may cause inaccurate times.
  • Supply counts are checked every 10 seconds.